← All builds
Tech / Armada / Economy first / OBSERVED BUILD

Standard tech

Armada Tech (Eco) build order · Supreme Isthmus

Rushes T2 by 4:15, gets Advanced Metal Extractor around 5:28, hands off T2 constructors to Geo and the team, then scales eco and supplies the team's T2 needs through the rest of the game.

Usually first T2 con to Geo (83%)

#eco #t2 #team support · 1602 distinct matches · 255 players · 60% of Armada Tech games · team won 53% of 1912 · Recently observed

HOW TO PLAY IT

Key timing: T2 factory by 4:15

  1. Open 3 mex and heavy wind to fund a fast T2 rush.
  2. Put down Bot Lab, planning to eat it for reclaim soon after.
  3. Get Advanced Bot Lab up, hitting the T2 factory rush timing.
  4. Upgrade mex to Advanced Metal Extractor to lock in team metal income.
  5. Eat Advanced Bot Lab and keep sending cons to Geo and Pond.

Phase by phase

TYPICAL OF ITS 1602 GAMES
  1. 1
  2. 2
  3. 3
  4. 4
PLAY THE OPENING

Follow the example game's first 6:00 step by step: what to build now, what comes next, and where it goes. At 1× it keeps pace with your own game.

  1. 1

    Up to the Bot Lab

    Economy
    • Metal Extractor3Mex
    • Wind Turbine4Wind
    Order
    1. Bot LabBot Lab after 3 mex, 4 winddone ~1:18, middle half 1:13–1:32

    Some games also: energy storage (31%)

    By 1:01 in all: 3 mex · 4 wind

    The example game in this phase · 5 steps
    1. Mex ×3
    2. Wind ×5
    3. Energy storage
    4. Wind ×3
    5. Bot LabBot Labdone 1:58 · typical 1:18
  2. 2

    Bot Lab to Advanced Bot Lab

    Economy
    • Metal Extractor1Mex
    • Wind Turbine8Wind
    • Energy Storage1Energy storage
    Order
    1. Advanced Bot LabAdvanced Bot Lab after 4 mex, 12 wind, 3 con turretdone ~4:16, middle half 4:04–4:30
    Builders
    • Construction Turret3 Con turret
    • Lazarus3 Lazarus
    • Construction Bot2 Con bot
    • Construction Bot1 Con bot for allies

    Some games also: converter (36%)

    By 3:18 in all: 4 mex · 12 wind · 1 energy storage · 3 con turret

    The example game in this phase · 9 steps
    1. Construction BotCon bot ×2
    2. Con turret
    3. LazarusLazarus
    4. Con turret
    5. LazarusLazarus
    6. Mex
    7. Con turret
    8. Construction BotCon botfor Air
    9. Advanced Bot LabAdvanced Bot Labdone 3:49 · typical 4:16
  3. 3

    Advanced Bot Lab to 5:00

    Economy
    • Wind Turbine3Wind
    Order
    1. Bot LabEat Bot Lab
    Builders
    • Advanced Construction Bot1 T2 con bot for allies

    Some games also: converter (35%)

    By 5:00 in all: 4 mex · 15 wind · 1 converter · 1 energy storage · 3 con turret

    The example game in this phase · 9 steps
    1. Wind
    2. Bot LabEat Bot Labreclaimed for its metal
    3. Wind ×2
    4. Advanced Construction BotT2 con botfor Geo
    5. Wind
    6. Advanced Metal ExtractorT2 mexdone 4:30 · typical 5:29
    7. SharpshooterSniper botfor Ponddone 4:52
    8. Wind ×2
    9. Advanced Construction BotT2 con botfor Air
  4. 4

    5:00 to 10:00

    Economy
    • Wind Turbine43Wind
    • Energy Converter6Converter
    Builders
    • Butler9 Butler
    • Advanced Construction Bot4 T2 con bot for allies
    • Advanced Construction Bot1 T2 con bot

    Some games also: con turret (43%) · Butler for allies (37%)

    By 10:00 in all: 4 mex · 58 wind · 8 converter · 1 energy storage · 3 con turret

    The example game in this phase · 224 steps
    1. Wind
    2. SharpshooterSniper botfor Pond
    3. Advanced Metal ExtractorT2 mex
    4. Wind
    5. Advanced Metal ExtractorT2 mex
    6. Wind
    7. Converter ×2
    8. Advanced Construction BotT2 con botfor Pond
    9. Wind
    10. Converter
    11. Wind
    12. Converter
    13. ButlerButler
    14. Advanced Construction BotT2 con bot
    15. Advanced Metal ExtractorT2 mex
    16. Wind
    17. ButlerButler
    18. Wind
    19. CitadelAnti-nukedone 10:28
    20. Converter
    21. Wind
    22. Advanced Construction BotT2 con botfor Suicide front
    23. Converter
    24. Advanced Construction BotT2 con botfor Beach sea
    25. Converter
    26. Wind
    27. ButlerButler
    28. Converter
    29. Wind ×2
    30. ButlerButler
    31. Wind ×2
    32. ButlerButler
    33. Wind
    34. ButlerButler
    35. Wind
    36. ButlerButler
    37. Wind ×3
    38. Converter
    39. Wind ×2
    40. Metal storage
    41. Wind
    42. Converter
    43. Wind
    44. Converter
    45. Con turret
    46. Wind ×3
    47. Converter ×2
    48. Wind
    49. Con turret
    50. Converter
    51. Wind ×3
    52. Converter
    53. Con turret
    54. Converter
    55. Advanced Bot LabEat Advanced Bot Labreclaimed for its metal
    56. Wind
    57. Con turret
    58. Converter
    59. Wind ×3
    60. Fusion ReactorFusiondone 10:44
    61. Converter ×2
    62. Wind
    63. TracerTracer
    64. Converter
    65. Wind ×3
    66. Converter ×2
    67. Wind ×2
    68. Converter
    69. Wind
    70. Converter
    71. Wind
    72. Converter
    73. Wind ×2
    74. Converter
    75. Con turret
    76. Wind
    77. Con turret
    78. Converter
    79. Wind
    80. Converter
    81. Wind
    82. Vehicle PlantVehicle Plantdone 11:15
    83. Wind
    84. Converter
    85. Vehicle PlantVehicle Plantdone 11:18
    86. BlitzBlitz ×2
    87. Wind
    88. BlitzBlitz ×2
    89. Converter
    90. Wind
    91. BlitzBlitz ×4
    92. Wind
    93. BlitzBlitz
    94. Converter
    95. BlitzBlitz
    96. Wind
    97. BlitzBlitz ×3
    98. Wind
    99. BlitzBlitz
    100. Converter ×2
    101. BlitzBlitz ×2
    102. Wind
    103. BlitzBlitz ×3
    104. Converter
    105. BlitzBlitz
    106. Wind
    107. BlitzBlitz ×2
    108. Converter
    109. BlitzBlitz
    110. Wind
    111. BlitzBlitz
    112. Converter
    113. BlitzBlitz ×2
    114. Wind
    115. BlitzBlitz ×2
    116. Wind
    117. BlitzBlitz ×2
    118. Converter
    119. BlitzBlitz
    120. Converter
    121. Wind
    122. BlitzBlitz ×4
    123. Wind ×2
    124. BlitzBlitz ×2
    125. Wind
    126. Converter
    127. Wind
    128. BlitzBlitz ×2
    129. Converter
    130. BlitzBlitz
    131. Wind ×2
    132. BlitzBlitz ×3
    133. Converter
    134. Wind
    135. BlitzBlitz
    136. Wind
    137. BlitzBlitz ×2
    138. Wind
    139. BlitzBlitz
    140. Wind
    141. Converter
    142. BlitzBlitz
    143. Converter
    144. BlitzBlitz
    145. Wind
    146. BlitzBlitz
    147. Wind
    148. BlitzBlitz ×2
    149. Wind
    150. Converter
    151. BlitzBlitz
    152. Wind
    153. BlitzBlitz ×2
    154. Wind
    155. BlitzBlitz ×2
    156. Wind
    157. BlitzBlitz
    158. Converter ×2
    159. Wind
    160. BlitzBlitz
    161. Wind
    162. BlitzBlitz
    163. Wind
    164. BlitzBlitz ×2
    165. Wind
    166. Converter
    167. BlitzBlitz
    168. Wind
    169. BlitzBlitz
    170. Wind
    171. BlitzBlitz
    172. Wind
    173. BlitzBlitz
    174. Converter ×2
    175. BlitzBlitz
    176. Wind
    177. BlitzBlitz
    178. Wind
    179. BlitzBlitz ×2
    180. Converter
    181. Wind
    182. BlitzBlitz
    183. Wind
    184. BlitzBlitz ×2
    185. Wind
    186. BlitzBlitz
    187. Wind
    188. BlitzBlitz
    189. Converter
    190. BlitzBlitz
    191. Converter
    192. BlitzBlitz
    193. Wind ×2
    194. BlitzBlitz ×3
    195. Wind
    196. BlitzBlitz
    197. Wind
    198. Converter
    199. BlitzBlitz ×2
    200. Wind
    201. BlitzBlitz
    202. Wind
    203. BlitzBlitz ×2
    204. Converter
    205. BlitzBlitz
    206. Converter
    207. Wind ×2
    208. BlitzBlitz ×3
    209. Wind ×2
    210. BlitzBlitz ×3
    211. Wind
    212. BlitzBlitz
    213. Wind
    214. Converter
    215. BlitzBlitz ×2
    216. Converter
    217. Wind ×2
    218. BlitzBlitz ×3
    219. Converter
    220. Wind ×2
    221. BlitzBlitz ×3
    222. Wind ×2
    223. BlitzBlitz ×2
    224. Converter

Counts are medians over the build's games: half of them build more, half fewer. The example game is Sdragona's (34 OS, 28/09/2026); pick another.

Team trades

IN AT LEAST 30% OF ITS GAMES

You hand over

  • Construction Bot1 Con bot to Airfirst at 2:23 · in 84% of games
  • Advanced Construction Bot5 T2 con bot to Air or Geo sea or Pondfirst at 4:50 · in 99% of games
  • Butler2 Butler to Geo sea or Beach sea or Pondfirst at 9:06 · in 42% of games

You get

  • Hercules1 Light transport from Airfirst at 4:01 · in 86% of games

How it plays out

Typical game of this build, running totals by minute

Metal produced

020k40k
0:005:0010:0015:00

metal

Enemy metal destroyed

050100150
0:005:0010:0015:00

metal

Own metal lost

050100150
0:005:0010:0015:00

metal

1912 games.

Show as table
ByMetal produced: This buildEnemy metal destroyed: This buildOwn metal lost: This build
1:0038300
2:0091500
3:00165200
4:00314400
5:00484800
6:00579900
7:00722700
8:00906500
9:001118000
10:001352000
11:001624200
12:001965200
13:002343000
14:0027286074
15:0031503108130
WHAT THE NUMBERS SAY

Standard Tech play barely fights at all early, instead pouring metal into T2 infrastructure and constructors for the team.

  • + Metal produced hits 31679 by 15:00, by far the highest of any role here.
  • + T2 factory reached in 97% of games by 4:15, fastest and most reliable T2 timing.
  • − Enemy metal destroyed stays at 0 through 10:00, no early offense at all.
  • − Own metal lost also near 0, showing total avoidance of combat risk.
THE EXAMPLE YOU ARE READING

Sdragona

33.9 OS · 28/09/2026

Open source match ↗

5 received units
2174 metal received · 200858 energy received

Allied construction assistance is unknown. Timings are observations, not a promise of solo reproducibility.

Typical milestones

Bot Lab1:18Middle 50%: 1:13–1:32 · n=1912
Advanced Bot Lab4:16Middle 50%: 4:04–4:30 · n=1905
Advanced Metal Extractor5:29Middle 50%: 5:05–5:59 · n=1908

Played most by

Amrissa97games of this buildTheGeneraI70games of this buildAdeus57games of this buildEl_Turco55games of this buildKOT_44games of this build